 Dungeon Crawl Stone Soup version 0.31.0-11-ge490571c62 (webtiles) character file.

Game seed: 1334795653563538127

1572 qw the Skirmisher (level 8, 0/42 HPs)
             Began as a Spriggan Hunter on Feb 4, 2024.
             Was an Initiate of Okawaru.
             Slain by a wyvern (13 damage)
             ... on level 6 of the Dungeon.
             The game lasted 00:00:14 (3299 turns).

qw the Skirmisher (Spriggan Hunter)                 Turns: 3299, Time: 00:00:15

Health: 0/42       AC:  4    Str:  7    XL:     8   Next: 59%
Magic:  9/9        EV: 23    Int: 11    God:    Okawaru [......]
Gold:   218        SH:  0    Dex: 20    Spells: 7/7 levels left

rFire   + . .        e - +3 orcbow (freeze)
rCold   . . .        (shield currently unavailable)
rNeg    . . .        c - +0 robe
rPois   .            (helmet restricted)
rElec   .            g - +1 cloak
rCorr   .            (gloves unavailable)
SInv    +            (boots unavailable)
Will    ++...        (no amulet)
Stlth   ++           h - ring of protection from fire
HPRegen 0.27/turn    d - ring of willpower
MPRegen 0.11/turn

%: no passive effects
@: very quick
A: very small, no large weapons, unfitting armour, see invisible, speed 3
a: Renounce Religion


You were on level 6 of the Dungeon.
You worshipped Okawaru.
Okawaru was noncommittal.
You visited 1 branch of the dungeon, and saw 6 of its levels.

You collected 348 gold pieces.
You spent 130 gold pieces at shops.


Innate Abilities, Weirdness & Mutations

You are very small and have problems with some larger weapons.
You are too small for most types of armour.
You have supernaturally acute eyesight. (SInv)
You cover ground extremely quickly. (Speed+++)


   Skills:
 - Level 3.7 Fighting
 - Level 9.0 Ranged Weapons
 + Level 8.4 Dodging
 - Level 1.5 Stealth


You had 7 spell levels left.
You didn't know any spells.
Your spell library was empty.

Inventory:

Hand Weapons
 e - a +3 orcbow of freezing (weapon)
Armour
 c - a +0 robe (worn)
 g - a +1 cloak (worn)
Jewellery
 d - a ring of willpower (right hand)
 h - a ring of protection from fire (left hand)
Scrolls
 b - a scroll of silence {unknown}
Potions
 a - a potion of curing
 j - a potion of haste {unknown}
 k - a potion of attraction {unknown}

Dungeon Overview and Level Annotations

Branches:
Dungeon (6/15)
 Temple: D:4-7

Altars:
Nemelex Xobeh
Okawaru
Qazlal

Shops:
D:2 ((

Annotations:
D:3 1 runed translucent door, Crazy Yiuf


Message History

You kill the butterfly!
A bombardier beetle comes into view.
You shoot an arrow. The arrow hits the bombardier beetle.
The arrow freezes the bombardier beetle.
The bombardier beetle is moderately wounded.
You shoot an arrow. The arrow hits the bombardier beetle!
The arrow freezes the bombardier beetle!
You kill the bombardier beetle!
Okawaru accepts your kill.
A wyvern comes into view.
The wyvern hisses angrily.
You shoot an arrow.
The arrow hits the wyvern but does no damage.
You shoot an arrow.
The arrow hits the wyvern but does no damage.
You shoot an arrow.
The arrow hits the wyvern but does no damage.
You shoot an arrow. The arrow hits the wyvern.
The arrow freezes the wyvern.
The wyvern is moderately wounded.
The wyvern misses you.
You shoot an arrow. The arrow hits the wyvern.
The arrow freezes the wyvern.
The wyvern is heavily wounded.
The wyvern bites you! x2
3294 ||| DRINKING potion of heal wounds.
You feel much better. The wyvern bites you!
You shoot an arrow. The arrow hits the wyvern!
The arrow freezes the wyvern.
The wyvern is almost dead.
The wyvern misses you. The wyvern bites you!
You shoot an arrow. The arrow barely misses the wyvern.
The wyvern bites you but does no damage.
The wyvern closely misses you.
You shoot an arrow. The arrow hits the wyvern.
The arrow freezes the wyvern.
The wyvern is almost dead.
The wyvern closely misses you.
You shoot an arrow. The arrow closely misses the wyvern.
The wyvern barely misses you. The wyvern completely misses you.
You shoot an arrow. The arrow barely misses the wyvern.
The wyvern bites you!
You die...

#.#...###
#.#.......#
#.###...#.# ##
#.# ##.##.# . #.#
##.##.#
#.#.###...#.#
#.#.##.#.#..#
#..k........#
.####.#@##.#.#.##
..............##
.####....###.##
#.......###
#.......#
#.......#
##....### .....#
#...#.#


You could see a wyvern.

Vanquished Creatures
  Grinder (D:3)
  Sigmund (D:1)
  2 black bears
  3 ogres
  3 scorpions
  2 hounds (D:5)
  3 bombardier beetles
  3 jellies
  2 iguanas
  Natasha (thrice) (D:3)
  An orc wizard (D:5)
  10 adders
  A white imp (D:6)
  4 ufetubi
  5 dart slugs
  2 ribbon worms (D:3)
  12 orcs
  6 endoplasms
  5 goblins
  4 hobgoblins
  2 jackals (D:2)
  4 quokkas
  6 ball pythons
  3 bats (D:3)
  A frilled lizard (D:1)
  6 kobolds
  8 rats
  A butterfly (D:6)
104 creatures vanquished.

Notes
Turn   | Place    | Note
-------+----------+-------------------------------------------
     0 | D:1      | qw the Spriggan Hunter began the quest for the Orb.
     0 | D:1      | Reached XP level 1. HP: 10/10 MP: 2/2
     0 | D:1      | 0 ||| qw: Version: 0.3-a-160-g6735b56
     0 | D:1      | 0 ||| qw: Game counter: 4326
     0 | D:1      | 0 ||| qw: Melee chars always use a shield: true
     0 | D:1      | 0 ||| qw: God list: Okawaru
     0 | D:1      | 0 ||| qw: Allow faded altars: false
     0 | D:1      | 0 ||| qw: Do Orc after clearing Dungeon:15 true
     0 | D:1      | 0 ||| qw: Do second Lair branch before Depths: true
     0 | D:1      | 0 ||| qw: Lair rune preference: random
     0 | D:1      | 0 ||| qw: Goals: Normal
     0 | D:1      | 0 ||| PLANNING D:1-11
    69 | D:1      | Reached skill level 3 in Dodging
   242 | D:1      | Reached XP level 2. HP: 14/14 MP: 3/3
   551 | D:1      | 551 ||| UPGRADING to +0 cloak.
   556 | D:1      | 556 ||| UPGRADING to ring of protection from fire.
   557 | D:1      | 557 ||| READING scroll labelled WULOHE RATU.
   558 | D:1      | 558 ||| READING scroll labelled HOSOTI UBRYPEMM.
   558 | D:1      | 558 ||| IDENTIFYING fizzy dark potion
   559 | D:1      | 559 ||| DROPPING scroll of butterflies.
   560 | D:1      | 560 ||| DROPPING potion of invisibility.
   600 | D:2      | Noticed Sigmund
   600 | D:2      | Found Ytzydgh's Antique Weapon Boutique.
   601 | D:2      | 601 ||| STAIRDANCE
   610 | D:1      | Killed Sigmund
   611 | D:1      | Reached skill level 6 in Ranged Weapons
   611 | D:1      | Reached XP level 3. HP: 7/18 MP: 4/4
   611 | D:1      | Reached XP level 4. HP: 9/22 MP: 5/5
   611 | D:1      | Reached XP level 5. HP: 10/25 MP: 6/6
   689 | D:2      | 689 ||| STAIRDANCE
   745 | D:2      | 745 ||| SHOPLISTING runed orcbow (162 gold, have 72).
   818 | D:2      | Found Ucugid's Antique Weapon Shop.
   943 | D:2      | 943 ||| BUYING runed orcbow (130 gold).
   943 | D:2      | Bought a runed orcbow for 130 gold pieces
   943 | D:2      | 943 ||| SWAPPING to +2 orcbow of freezing.
   944 | D:2      | 944 ||| DROPPING +0 shortbow.
  1153 | D:2      | Found a sparkling altar of Nemelex Xobeh.
  1298 | D:2      | 1298 ||| UPGRADING to ring of willpower.
  1299 | D:2      | 1299 ||| READING scroll labelled FATUFY SOILA.
  1303 | D:2      | 1303 ||| DRINKING 2 purple potions.
  1441 | D:3      | Found a faded altar of an unknown god.
  1509 | D:3      | Found a runed translucent door.
  1510 | D:3      | Noticed Crazy Yiuf
  1584 | D:3      | Noticed Grinder
  1586 | D:3      | Paralysed by Grinder for 5 turns
  1596 | D:3      | Killed Grinder
  1597 | D:3      | Reached skill level 3 in Fighting
  1597 | D:3      | Reached XP level 6. HP: 16/33 MP: 7/7
  1676 | D:3      | Noticed Natasha
  1677 | D:3      | Killed Natasha
  1677 | D:3      | Noticed Natasha
  1679 | D:3      | Killed Natasha
  1917 | D:3      | Noticed Natasha
  1919 | D:3      | Killed Natasha
  1920 | D:3      | Reached XP level 7. HP: 37/37 MP: 8/8
  1941 | D:3      | 1941 ||| READING scroll of identify.
  1941 | D:3      | 1941 ||| IDENTIFYING metallic black potion
  1942 | D:3      | 1942 ||| READING scroll labelled DUSIDU XUSIRE.
  2005 | D:3      | 2005 ||| DROPPING potion of berserk rage.
  2052 | D:4      | Reached skill level 6 in Dodging
  2100 | D:4      | 2100 ||| FLEEEEING.
  2103 | D:4      | 2103 ||| STAIRDANCE
  2213 | D:4      | 2213 ||| FLEEEEING.
  2214 | D:4      | 2214 ||| FLEEEEING.
  2215 | D:4      | 2215 ||| FLEEEEING.
  2216 | D:4      | 2216 ||| FLEEEEING.
  2222 | D:4      | Reached skill level 7 in Ranged Weapons
  2575 | D:4      | 2575 ||| READING scroll of identify.
  2575 | D:4      | 2575 ||| IDENTIFYING brown potion
  2576 | D:4      | 2576 ||| READING scroll labelled UDADEA BOPUFAC.
  2576 | D:4      | 2576 ||| ENCHANTING +0 cloak.
  2577 | D:4      | 2577 ||| READING scroll labelled BAFUASSE ELAT.
  2603 | D:5      | Entered Level 5 of the Dungeon
  2613 | D:5      | Reached XP level 8. HP: 42/42 MP: 9/9
  2636 | D:5      | Reached skill level 8 in Ranged Weapons
  3010 | D:5      | Found a stormy altar of Qazlal.
  3013 | D:5      | Found an iron altar of Okawaru.
  3014 | D:5      | 3014 ||| PLANNING OKAWARU WORSHIP
  3014 | D:5      | 3014 ||| READING scroll labelled DENORI KIWN.
  3014 | D:5      | 3014 ||| ENCHANTING +2 orcbow of freezing.
  3020 | D:5      | Became a worshipper of Warmaster Okawaru
  3021 | D:5      | 3021 ||| PLANNING D:1-11
  3093 | D:6      | 3093 ||| RETREEEEATING.
  3112 | D:6      | Reached skill level 9 in Ranged Weapons
  3293 | D:6      | HP: 8/42 [wyvern (17)]
  3294 | D:6      | 3294 ||| DRINKING potion of heal wounds.
  3299 | D:6      | Slain by a wyvern

Levels and vault maps discovered:
D:1:      dpeg_arrival_three_same_balls, layout_loops_ring
D:2:      layout_loops_ring, basic_altar, serial_shops, nicolae_shop_waterfront,
          shop, uniq_sigmund
D:3:      layout_basic, nicolae_ecumenical_snake_handling, uniq_natasha,
          uniq_crazy_yiuf_cottage, uniq_grinder
D:4:      layout_rooms
D:5:      layout_basic, nicolae_overflow_squiral
D:6:      layout_loops_ring, minmay_temple_entry_butterflies

Skill      XL: |  1  2  3  4  5  6  7  8 |
---------------+-------------------------+-----
Dodging        | 3 4 5 7 8 |  8.4
Ranged Weapons | 6 7 9 |  9.0
Fighting       | 3 |  3.7
Stealth        | |  1.5

Action                     |  1- 3 |  4- 6 |  7- 9 || total
---------------------------+-------+-------+-------++-------
   Fire: Shortbow          |    43 |    13 |       ||    56
         Orcbow            |       |    66 |   184 ||   250
    Use: Scroll            |     2 |     1 |     6 ||     9
         Potion            |       |     1 |     1 ||     2
 Armour: Robe              |     1 |     8 |    35 ||    44
  Dodge: Dodged            |    12 |    34 |    97 ||   143

Table legend:
 A = Non-vault XP
 B = Vault XP
 C = Vault XP percentage of total XP
 D = Non-vault monster count
 E = Vault monster count
 F = Vault count percentage of total count
                 A         B        C        D         E       F
            +---------+---------+-------+---------+---------+-------
      Total |    1675 |     572 |  25.5 |      95 |       8 |   7.8
            +---------+---------+-------+---------+---------+-------
        D:1 |      39 |     223 |  85.1 |      18 |       1 |   5.3
        D:2 |      26 |       0 |   0.0 |       7 |       0 |   0.0
        D:3 |     128 |     349 |  73.2 |      19 |       7 |  26.9
        D:4 |     562 |       0 |   0.0 |      25 |       0 |   0.0
        D:5 |     551 |       0 |   0.0 |      18 |       0 |   0.0
        D:6 |     369 |       0 |   0.0 |       8 |       0 |   0.0
            +---------+---------+-------+---------+---------+-------
